 Dungeon Crawl Stone Soup version 0.19-a0-1268-g6c5d9f8 (webtiles) character file.

39 0gre the Bolt Thrower (level 3, -5/27 HPs)
             Began as a Demonspawn Hunter on Aug 30, 2016.
             Slain by Sigmund
             ... wielding a +0 scythe
              (9 damage)
             ... on level 2 of the Dungeon.
             The game lasted 00:08:59 (1277 turns).

0gre the Bolt Thrower (Demonspawn Hunter)           Turns: 1277, Time: 00:08:59

Health: -5/27      AC:  4    Str: 13    XL:     3   Next: 26%
Magic:  3/3        EV: 12    Int: 12    God:
Gold:   53         SH:  0    Dex: 13    Spells: 0 memorised, 2 levels left

rFire  . . .     SeeInvis .     b - +0 mace
rCold  . . .     Gourm    .     c - +1 leather armour
rNeg   . . .     Faith    .     (no shield)
rPois  .         Spirit   .     (no helmet)
rElec  .         Dismiss  .     (no cloak)
rCorr  .         Reflect  .     (no gloves)
MR     .....     Harm     .     (no boots)
Stlth  +.........               (no amulet)
                                (no ring)
                                (no ring)

@: no status effects
A: powered by pain 1, sturdy frame 1
a: no special abilities


You were on level 2 of the Dungeon.
You were not hungry.

You visited 1 branch of the dungeon, and saw 2 of its levels.

You collected 53 gold pieces.

Inventory:

Hand Weapons
 a - a +1 hand crossbow
 b - a +0 mace (weapon)
 l - a +0 short sword
Missiles
 d - 13 bolts
 e - 2 stones (quivered)
Armour
 c - a +1 leather armour (worn)
Scrolls
 j - a scroll of fog
 k - a scroll of recharging
Potions
 g - 2 potions of degeneration {unknown}
 i - a potion of lignification {unknown}
 o - a potion of berserk rage {unknown}
Comestibles
 f - a bread ration
 h - 3 meat rations


   Skills:
 + Level 2.2 Fighting
 + Level 0.1 Short Blades
 + Level 4.3 Crossbows
 + Level 0.1 Armour
 + Level 2.0 Dodging
 + Level 0.8 Stealth


You had 2 spell levels left.
You didn't know any spells.

Dungeon Overview and Level Annotations

Branches:
Dungeon (2/15)

Altars:

Annotations:
D:2 Sigmund


Innate Abilities, Weirdness & Mutations

You sometimes gain a little power by taking damage.
Your movements are slightly less encumbered by armour. (ER -2)


Message History

You miss something.
You hear some strange, mumbled words.
Something tries to affect you, but you resist.
The hobgoblin shouts!
A hobgoblin comes into view. It is wielding a club.
You barely miss something.
The hobgoblin shouts!
You hear some strange, mumbled words.
A puff of flame appears from out of thin air!
The puff of flame hits you!
* * * LOW HITPOINT WARNING * * *
You closely miss the ball python.
The ball python bites you but does no damage.
The ball python barely misses you. Something hits you but does no damage.
The ball python bites you but does no damage.
The ball python barely misses you.
You hit the ball python.
You kill the ball python!
Something barely misses you.
You closely miss something. Something hits you!
You die...

.#.# .......# #.#####
.......# ......# .......
. ...##.# #....##..
.#.##.# #........
.#.##.### #........
........########........
........##......†{g(...#
......>.##.#....@#.....#
...........#.###.# .{..#
.#########.#.# #.# .((#
.# ..#.# #.# ... ##
..#.# #.# .. #..... ..#
? #..#.# ### #.##


You could see a hobgoblin.

Vanquished Creatures
  A worm (D:2)
  2 giant cockroaches
  7 goblins (D:1)
  3 hobgoblins (D:1)
  4 jackals (D:1)
  3 kobolds (D:1)
  3 ball pythons
  5 bats (D:1)
  2 giant newts (D:1)
  4 rats (D:1)
  A bush (D:1)
35 creatures vanquished.

Notes
Turn   | Place    | Note
-------+----------+-------------------------------------------
     0 | D:1      | 0gre the Demonspawn Hunter began the quest for the Orb.
     0 | D:1      | Reached XP level 1. HP: 16/16 MP: 1/1
   214 | D:1      | Reached skill level 4 in Crossbows
   262 | D:1      | Gained mutation: Your movements are slightly less encumbered by armour. (ER -2) [demonic ancestry]
   262 | D:1      | Reached XP level 2. HP: 20/22 MP: 2/2
   596 | D:1      | Gained mutation: You sometimes gain a little power by taking damage. [demonic ancestry]
   596 | D:1      | Reached XP level 3. HP: 15/27 MP: 3/3
  1265 | D:2      | Noticed Sigmund
  1277 | D:2      | Slain by Sigmund

Vault maps used:
D:1:      dpeg_arrival_radiant, serial_forest, infiniplex_forest_end_double,
          infiniplex_forest_side_room, infiniplex_forest_lined_2,
          infiniplex_forest_corner_1, infiniplex_forest_straight_5, st_stairs_5
D:2:      gammafunk_temple_overflow_elements, uniq_natasha, uniq_terence,
          uniq_crazy_yiuf_cottage, uniq_sigmund

Skill      XL: |  1  2  3 |
---------------+----------+-----
Crossbows      | 4 |  4.3
Dodging        | 2 |  2.0
Fighting       | |  2.2
Short Blades   | |  0.1
Armour         | |  0.1
Stealth        | |  0.8

Action                   || total
-------------------------++-------
Melee: Short sword       ||   296
       Mace              ||    15
 Fire: Hand crossbow     ||    35
  Use: Scroll            ||     4
       Potion            ||     1
  Eat: Meat ration       ||     1
Armor: Leather armour    ||    29
Dodge: Dodged            ||    61
